cohdb
Replays
Latest Replays
All Replays
Popular Replays
Top Player Replays
Match Explorer
How It Works
Community
CoH3 Stats
Reddit
Sign in to upload your games and track your stats! →
Sign in with Steam
Match 45279852
Unlisted
Match 45279852
Overview
Messages
Build Orders
End
Royal Engineer Section
Construct Section Command Post
Dingo Light Scout Car
Infantry Section
Infantry Section
Selects Canadian Shock Battlegroup
Selects Attacking Spirit
Selects Canadian Shock Section
Vickers Machine Gun Team
Infantry Section
Construct Platoon Command Post
DeeplyGoo
桂妮薇尔
0
0
Comments
sign in to comment!
No comments posted yet!